Senators vs Ice Caps

Created - Monday, October 13, 2014 at 02:22

Goals
1 2 3 T
Senators 0 1 0 1
Ice Caps 0 2 0 2
Shots
1 2 3 T
Senators 8 7 5 20
Ice Caps 8 11 3 22

1st period

No Goal

Penalties :
Garret Ross (STJ) for Slashing (Minor) at 0:43, Jamie Devane (STJ) for Fighting (Major) at 12:24, Mike Brown (BIN) for Fighting (Major) at 12:24, Mike Brown (BIN) for instigated a fight (Minor) at 12:24, Mike Brown (BIN) for instigated a fight (10 Minutes Misconduct) at 12:24

2nd period

1. Ice Caps , Oscar Klefbom 1 (Freddie Hamilton, Martin Marincin) at 0:22
2. Senators , Mike Brown 4 (John Scott, Evan Trupp) at 8:21
3. Ice Caps , Martin Marincin 3 (Oscar Klefbom, Rylan Schwartz) at 8:27

Penalties :
Garret Ross (STJ) for Hooking (Minor) at 2:45, John Scott (BIN) for Interference (Minor) at 5:38, Corey Cowick (STJ) for Fighting (Major) at 9:50, Colton Orr (BIN) for Fighting (Major) at 9:50, Andrew MacWilliam (BIN) for Hooking (Minor) at 15:19, Seth Helgeson (STJ) for Fighting (Major) at 18:26, Colton Orr (BIN) for Fighting (Major) at 18:26

3rd period

No Goal

Penalties :
Korbinian Holzer (BIN) for Hooking (Minor) at 2:51, Seth Helgeson (STJ) for Fighting (Major) at 14:15, Colton Orr (BIN) for Fighting (Major / Game Misconduct) at 14:15, Colton Orr (BIN) for instigated a fight (Minor) at 14:15, Colton Orr (BIN) for instigated and being the aggresor in a fight (20 Minutes Game Misconduct) at 14:15, Scott Mayfield (STJ) for Hooking (Minor) at 18:42

Goalie Stats

Jean-Francois Berube (BIN), 20 saves from 22 shots - (0.909), L, 2-2-0, 59:18 minutes
Nathan Lieuwen (STJ), 19 saves from 20 shots - (0.950), W, 2-1-1, 60:00 minutes

Players Stats for Senators

Player Name              G  A  P  +/- PIM S  H  SB GA TA FO     MP     PP MP  PK MP  
------------------------------------------------------------------------------------
Alex Petrovic            0  0  0   0  0   0  0  1  0  2  0/0    12:30   0:00   1:57 
Andrew MacWilliam        0  0  0   1  2   0  0  0  0  0  0/0     7:15   0:00   0:51 
Colton Orr               0  0  0  -1  47  0  2  1  2  0  0/2    14:46   1:46   1:27 
Daine Todd               0  0  0   0  0   0  0  0  0  0  0/0     1:29   0:00   0:00 
David Broll              0  0  0   0  0   0  0  3  0  0  0/0    13:34   0:00   3:58 
Evan Trupp               0  1  1   0  0   3  1  1  1  1  4/6    17:01   0:00   3:27 
Greg Nemisz              0  0  0  -1  0   2  2  0  1  1  5/9    16:09   2:40   0:00 
Greg Pateryn             0  0  0  -1  0   2  3  2  1  1  0/0    22:37   2:44   4:14 
Jesse Blacker            0  0  0  -1  0   1  0  4  0  0  0/0    25:04   2:31   0:00 
Joe Finley               0  0  0   0  0   0  0  0  0  0  0/0     0:00   0:00   0:00 
John Scott               0  1  1   1  2   4  3  3  1  1  0/1    21:55   2:35   3:55 
Josh Leivo               0  0  0  -1  0   3  1  0  4  0  4/7    22:48   2:40   5:02 
Kenny Ryan               0  0  0   0  0   1  1  0  0  0  0/0    16:10   1:40   0:00 
Korbinian Holzer         0  0  0  -1  2   0  0  0  0  0  0/0    22:30   2:44   3:12 
Martin St. Pierre        0  0  0   0  0   1  4  1  5  1  9/13   21:22   2:35   3:34 
Mike Brown               1  0  1   0  17  2  1  1  5  1  0/0    15:40   1:16   2:33 
Steve Eminger            0  0  0  -1  0   1  0  6  0  1  0/0    22:00   2:31   5:41 
Tyler Biggs              0  0  0   0  0   0  2  0  1  0  0/1    17:19   0:33   0:00 

Players Stats for Ice Caps

Player Name              G  A  P  +/- PIM S  H  SB GA TA FO     MP     PP MP  PK MP  
------------------------------------------------------------------------------------
Brandon Davidson         0  0  0   0  0   0  2  0  0  2  0/0    21:07   5:43   3:00 
Colin Smith              0  0  0   0  0   1  1  0  2  1  4/7    16:40   4:33   0:00 
Corey Cowick             0  0  0   0  5   1  0  0  0  0  0/0    16:38   4:33   1:19 
Daniil Tarasov           0  0  0   0  0   4  2  2  4  0  0/0    18:01   4:33   0:39 
Freddie Hamilton         0  1  1   1  0   2  0  0  3  0  1/1    16:54   5:22   0:39 
Garret Ross              0  0  0   1  4   0  1  0  3  0  0/0    17:55   5:22   1:07 
Greg McKegg              0  0  0   1  0   2  1  1  0  0  7/19   22:33   4:58   3:21 
Jamie Devane             0  0  0   0  5   1  1  0  0  1  0/0     6:44   0:00   0:00 
Klas Dahlbeck            0  0  0   0  0   2  0  1  1  2  0/0    21:07   5:43   3:00 
Kory Nagy                0  0  0   0  0   0  1  0  1  1  1/1    14:03   0:00   0:00 
Martin Marincin          1  1  2   1  0   2  1  2  1  0  0/0    25:04   4:12   2:15 
Michael Schumacher       0  0  0   0  0   3  0  1  0  0  0/0    15:55   0:00   0:00 
Oscar Klefbom            1  1  2   1  0   2  2  0  0  1  0/0    21:11   4:12   2:15 
Rasmus Rissanen          0  0  0   0  0   0  2  0  0  0  0/0     5:50   0:00   0:00 
Riley Wetmore            0  0  0   0  0   0  0  1  0  0  1/3    11:37   0:00   3:00 
Rylan Schwartz           0  1  1   0  0   2  4  2  0  1  3/8    17:41   0:24   0:25 
Scott Mayfield           0  0  0   0  2   0  0  1  0  1  0/0    13:48   0:00   0:00 
Seth Helgeson            0  0  0   0  10  0  0  0  0  0  0/0    12:25   0:00   0:35 

3 Stars

1 - Oscar Klefbom (STJ)
2 - Martin Marincin (STJ)
3 - Nathan Lieuwen (STJ)

Power Play

Senators - 0 on 3 Attempt(s) - 0.00%
Ice Caps - 0 on 5 Attempt(s) - 0.00%

Penalty Kill

Senators - 5 on 5 Attempt(s) - 100.00% - Score 0 goal in Penalty Kill
Ice Caps - 3 on 3 Attempt(s) - 100.00% - Score 0 goal in Penalty Kill

Official

Referees : Unknown
Linesman : Unknown

Game Notes

Mike Brown beats up Jamie Devane at 12:24 of 1st period
Colton Orr beats up Corey Cowick at 9:50 of 2nd period
Seth Helgeson and Colton Orr fight to a draw at 18:26 of 2nd period
Colton Orr beats up Seth Helgeson at 14:15 of 3rd period
Colton Orr ejected from game at 14:15 of 3rd period
Colton Orr ejected from game at 14:15 of 3rd period

Finance

Level 1 -- Attendance: 1555 (77.75%) -- Ticket Income $54,425
Level 2 -- Attendance: 761 (76.10%) -- Ticket Income $11,415
Total Attendance: 2316 (77.20%)
Total Ticket Income: $65,840
Other Income: $32,262
Total Income: $98,102

Senators

5 vs 5 Forward 
   Center                   Left Wing                Right Wing               Time % Phy DF OF 
 1 Martin St. Pierre        John Scott               Mike Brown               35     1   2  2  
 2 Greg Nemisz              Josh Leivo               Colton Orr               30     1   2  2  
 3 Evan Trupp               Mike Brown               Tyler Biggs              22     1   2  2  
 4 Colton Orr               Josh Leivo               Kenny Ryan               13     1   2  2  

5 vs 5 Defense 
   Defense                  Defense                                           Time % Phy DF OF 
 1 Jesse Blacker            Steve Eminger                                     35     1   2  2  
 2 Korbinian Holzer         Greg Pateryn                                      30     1   2  2  
 3 Jesse Blacker            Alex Petrovic                                     22     1   2  2  
 4 Andrew MacWilliam        John Scott                                        13     1   2  2  

PowerPlay Forward 
   Center                   Left Wing                Right Wing               Time % Phy DF OF 
 1 Martin St. Pierre        John Scott               Mike Brown               60     1   2  2  
 2 Greg Nemisz              Josh Leivo               Colton Orr               40     1   2  2  

PowerPlay Defense
   Defense                  Defense                                           Time % Phy DF OF 
 1 Jesse Blacker            Steve Eminger                                     60     1   2  2  
 2 Korbinian Holzer         Greg Pateryn                                      40     1   2  2  

Penalty Kill 4 Players Forward 
   Center                   Wing                     Time % Phy DF OF 
 1 Josh Leivo               Mike Brown               60     1   2  2  
 2 Colton Orr               Martin St. Pierre        40     1   2  2  

Penalty Kill 4 Players Defense
   Defense                  Defense                  Time % Phy DF OF 
 1 John Scott               Steve Eminger            60     1   2  2  
 2 Korbinian Holzer         Greg Pateryn             40     1   2  2  

Penalty Kill - 3 Players Forward 
   Forward                                           Time % Phy DF OF 
 1 Martin St. Pierre                                 60     1   2  2  
 2 Mike Brown                                        40     1   2  2  

Penalty Kill - 3 Players Defense
   Defense                  Defense                  Time % Phy DF OF 
 1 John Scott               Steve Eminger            60     1   2  2  
 2 Korbinian Holzer         Greg Pateryn             40     1   2  2  

4 vs 4 Forward 
   Center                   Wing                     Time % Phy DF OF 
 1 Josh Leivo               Mike Brown               60     1   2  2  
 2 Colton Orr               Martin St. Pierre        40     1   2  2  

4 vs 4 Defense
   Defense                  Defense                  Time % Phy DF OF 
 1 John Scott               Steve Eminger            60     1   2  2  
 2 Korbinian Holzer         Greg Pateryn             40     1   2  2  

Last Minutes Offensive
   Center                   Left Wing                Right Wing               Defense                  Defense                  
   Martin St. Pierre        John Scott               Mike Brown               Greg Pateryn             Steve Eminger            

Last Minutes Defensive
   Center                   Left Wing                Right Wing               Defense                  Defense                  
   Martin St. Pierre        John Scott               Mike Brown               Greg Pateryn             Steve Eminger            

Goaltenders
Starting : Jean-Francois Berube     
Backup : Cedrick Desjardins       

Extra Forwards
Normal : Tyler Biggs, Kenny Ryan, Evan Trupp - PP : Tyler Biggs, Kenny Ryan - PK : Evan Trupp
Extra Defensemen
Normal : Jesse Blacker, Alex Petrovic, Andrew MacWilliam - PP : Jesse Blacker - PK : Alex Petrovic, Andrew MacWilliam
Penalty Shots
Kenny Ryan, Mike Brown, Colton Orr, Martin St. Pierre, Josh Leivo

Ice Caps

5 vs 5 Forward 
   Center                   Left Wing                Right Wing               Time % Phy DF OF 
 1 Greg McKegg              Garret Ross              Freddie Hamilton         35     1   2  2  
 2 Colin Smith              Corey Cowick             Daniil Tarasov           30     1   2  2  
 3 Rylan Schwartz           Michael Schumacher       Kory Nagy                22     1   2  2  
 4 Riley Wetmore            Jamie Devane             Greg McKegg              13     1   2  2  

5 vs 5 Defense 
   Defense                  Defense                                           Time % Phy DF OF 
 1 Martin Marincin          Oscar Klefbom                                     35     1   2  2  
 2 Klas Dahlbeck            Brandon Davidson                                  30     1   2  2  
 3 Scott Mayfield           Seth Helgeson                                     22     1   2  2  
 4 Rasmus Rissanen          Martin Marincin                                   13     1   2  2  

PowerPlay Forward 
   Center                   Left Wing                Right Wing               Time % Phy DF OF 
 1 Greg McKegg              Garret Ross              Freddie Hamilton         60     1   2  2  
 2 Colin Smith              Corey Cowick             Daniil Tarasov           40     1   2  2  

PowerPlay Defense
   Defense                  Defense                                           Time % Phy DF OF 
 1 Martin Marincin          Oscar Klefbom                                     60     1   2  2  
 2 Klas Dahlbeck            Brandon Davidson                                  40     1   2  2  

Penalty Kill 4 Players Forward 
   Center                   Wing                     Time % Phy DF OF 
 1 Greg McKegg              Garret Ross              60     1   2  2  
 2 Freddie Hamilton         Daniil Tarasov           40     1   2  2  

Penalty Kill 4 Players Defense
   Defense                  Defense                  Time % Phy DF OF 
 1 Martin Marincin          Oscar Klefbom            60     1   2  2  
 2 Klas Dahlbeck            Brandon Davidson         40     1   2  2  

Penalty Kill - 3 Players Forward 
   Forward                                           Time % Phy DF OF 
 1 Greg McKegg                                       60     1   2  2  
 2 Garret Ross                                       40     1   2  2  

Penalty Kill - 3 Players Defense
   Defense                  Defense                  Time % Phy DF OF 
 1 Martin Marincin          Oscar Klefbom            60     1   2  2  
 2 Klas Dahlbeck            Brandon Davidson         40     1   2  2  

4 vs 4 Forward 
   Center                   Wing                     Time % Phy DF OF 
 1 Greg McKegg              Garret Ross              60     1   2  2  
 2 Freddie Hamilton         Daniil Tarasov           40     1   2  2  

4 vs 4 Defense
   Defense                  Defense                  Time % Phy DF OF 
 1 Martin Marincin          Oscar Klefbom            60     1   2  2  
 2 Klas Dahlbeck            Brandon Davidson         40     1   2  2  

Last Minutes Offensive
   Center                   Left Wing                Right Wing               Defense                  Defense                  
   Greg McKegg              Garret Ross              Freddie Hamilton         Martin Marincin          Oscar Klefbom            

Last Minutes Defensive
   Center                   Left Wing                Right Wing               Defense                  Defense                  
   Greg McKegg              Garret Ross              Freddie Hamilton         Martin Marincin          Oscar Klefbom            

Goaltenders
Starting : Nathan Lieuwen           
Backup : Kristers Gudlevskis      

Extra Forwards
Normal : Rylan Schwartz, Michael Schumacher, Riley Wetmore - PP : Rylan Schwartz, Michael Schumacher - PK : Riley Wetmore
Extra Defensemen
Normal : Scott Mayfield, Seth Helgeson, Rasmus Rissanen - PP : Scott Mayfield - PK : Seth Helgeson, Rasmus Rissanen
Penalty Shots
Greg McKegg, Garret Ross, Freddie Hamilton, Daniil Tarasov, Colin Smith

% Time on Ice - Senators

Lines # - Real PCT - Wanted PCT - Time Play
Normal Forward
1 - 33% - 35% - 14:52
2 - 32% - 30% - 14:33
3 - 23% - 22% - 10:19
4 - 11% - 13% - 5:06
Normal Defense
1 - 31% - 35% - 13:48
2 - 35% - 30% - 15:39
3 - 22% - 22% - 9:46
4 - 13% - 13% - 5:37
PP Forward
1 - 49% - 60% - 2:35
2 - 51% - 40% - 2:40
PP Defense
1 - 48% - 60% - 2:31
2 - 52% - 40% - 2:44
PK Forward
1 - 81% - 60% - 8:00
2 - 19% - 40% - 1:55
PK Defense
1 - 57% - 60% - 5:41
2 - 43% - 40% - 4:14
PK3 Forward
1 - 0% - 60%
2 - 0% - 40%
PK3 Defense
1 - 0% - 60%
2 - 0% - 40%
44 Forward
1 - 0% - 60%
2 - 0% - 40%
44 Defense
1 - 0% - 60%
2 - 0% - 40%
Last Minute Offensive  - 0:00
Last Minute Defensive  - 0:00
Total
Forward - 60:00
Defense - 60:00

% Time on Ice - Ice Caps

Lines # - Real PCT - Wanted PCT - Time Play
Normal Forward
1 - 24% - 35% - 10:46
2 - 29% - 30% - 12:49
3 - 30% - 22% - 13:27
4 - 17% - 13% - 7:48
Normal Defense
1 - 33% - 35% - 14:35
2 - 28% - 30% - 12:24
3 - 31% - 22% - 13:49
4 - 9% - 13% - 4:02
PP Forward
1 - 54% - 60% - 5:22
2 - 46% - 40% - 4:33
PP Defense
1 - 42% - 60% - 4:12
2 - 58% - 40% - 5:43
PK Forward
1 - 88% - 60% - 4:36
2 - 12% - 40% - 0:39
PK Defense
1 - 43% - 60% - 2:15
2 - 57% - 40% - 3:00
PK3 Forward
1 - 0% - 60%
2 - 0% - 40%
PK3 Defense
1 - 0% - 60%
2 - 0% - 40%
44 Forward
1 - 0% - 60%
2 - 0% - 40%
44 Defense
1 - 0% - 60%
2 - 0% - 40%
Last Minute Offensive  - 0:00
Last Minute Defensive  - 0:00
Total
Forward - 60:00
Defense - 60:00

Play by Play

1st period


0:01 of 1st period - Greg McKegg wins face-off versus Martin St. Pierre in neutral zone.
0:22 of 1st period - Wrist shot by John Scott.
0:22 of 1st period - Stopped by Nathan Lieuwen with a rebound.
0:24 of 1st period - Snap shot by John Scott.
0:24 of 1st period - Shot Misses the Net.
0:26 of 1st period - Slapshot by Jesse Blacker.
0:26 of 1st period - Shot Blocked by Martin Marincin.
0:28 of 1st period - Snap shot by Martin St. Pierre.
0:28 of 1st period - Shot Misses the Net.
0:43 of 1st period - Minor Penalty to Garret Ross for Slashing.
0:44 of 1st period - Greg McKegg wins face-off versus Greg Nemisz in Ice Caps zone.
1:48 of 1st period - Martin Marincin is hit by Martin St. Pierre and loses puck.
2:05 of 1st period - Wrist shot by John Scott.
2:05 of 1st period - Stopped by Nathan Lieuwen without a rebound.
2:06 of 1st period - Freddie Hamilton wins face-off versus John Scott in Ice Caps zone.
2:06 of 1st period - Freddie Hamilton is hit by John Scott.
2:43 of 1st period - Penalty to Garret Ross is over, Garret Ross is back on ice.
4:45 of 1st period - Backhand shot by John Scott.
4:45 of 1st period - Shot Misses the Net.
4:53 of 1st period - Slapshot by Kenny Ryan.
4:53 of 1st period - Deflect By Riley Wetmore.
4:53 of 1st period - Stopped by Nathan Lieuwen with a rebound.
5:39 of 1st period - Alex Petrovic is hit by Rylan Schwartz and loses puck.
8:11 of 1st period - Daniil Tarasov is hit by Greg Pateryn and loses puck.
8:24 of 1st period - Backhand shot by Steve Eminger.
8:24 of 1st period - Stopped by Nathan Lieuwen without a rebound.
8:25 of 1st period - Greg Nemisz wins face-off versus Colin Smith in Ice Caps zone.
8:42 of 1st period - Slapshot by Oscar Klefbom.
8:42 of 1st period - Shot Misses the Net.
8:44 of 1st period - Slapshot by Martin Marincin.
8:44 of 1st period - Shot Misses the Net.
8:48 of 1st period - Snap shot by Oscar Klefbom.
8:48 of 1st period - Deflect By Rylan Schwartz.
8:48 of 1st period - Shot Misses the Net.
8:48 of 1st period - Puck is out of play.
8:49 of 1st period - Rylan Schwartz wins face-off versus Greg Nemisz in Senators zone.
8:50 of 1st period - Slapshot by Martin Marincin.
8:50 of 1st period - Shot Blocked by Jesse Blacker.
9:23 of 1st period - Icing by Korbinian Holzer.
9:24 of 1st period - Martin St. Pierre wins face-off versus Riley Wetmore in Senators zone.
9:33 of 1st period - Snap shot by John Scott.
9:33 of 1st period - Deflect By Mike Brown.
9:33 of 1st period - Shot Blocked by Riley Wetmore.
9:33 of 1st period - Puck is out of play.
9:34 of 1st period - Riley Wetmore wins face-off versus Martin St. Pierre in Ice Caps zone.
9:34 of 1st period - Riley Wetmore is hit by Mike Brown.
10:27 of 1st period - Greg Nemisz is hit by Brandon Davidson and loses puck.
11:19 of 1st period - Snap shot by Michael Schumacher.
11:19 of 1st period - Stopped by Jean-Francois Berube with a rebound.
12:24 of 1st period - Mike Brown beats up Jamie Devane.
12:24 of 1st period - Penalty to Jamie Devane for Fighting.
12:24 of 1st period - Penalty to Mike Brown for Fighting.
12:24 of 1st period - Penalty to Mike Brown for instigated a fight.
12:24 of 1st period - Penalty to Mike Brown for instigated a fight.
12:25 of 1st period - Colin Smith wins face-off versus Josh Leivo in Ice Caps zone.
13:26 of 1st period - Slapshot by Klas Dahlbeck.
13:26 of 1st period - Stopped by Jean-Francois Berube with a rebound.
13:28 of 1st period - Slapshot by Klas Dahlbeck.
13:28 of 1st period - Stopped by Jean-Francois Berube with a rebound.
13:30 of 1st period - Slapshot by Klas Dahlbeck.
13:30 of 1st period - Shot Misses the Net.
13:32 of 1st period - Snap shot by Garret Ross.
13:32 of 1st period - Shot Misses the Net.
13:34 of 1st period - Snap shot by Klas Dahlbeck.
13:34 of 1st period - Shot Misses the Net.
13:44 of 1st period - Wrist shot by Freddie Hamilton.
13:44 of 1st period - Stopped by Jean-Francois Berube with a rebound.
14:12 of 1st period - Slapshot by Oscar Klefbom.
14:12 of 1st period - Deflect By Daniil Tarasov.
14:12 of 1st period - Shot Blocked by Greg Pateryn.
14:12 of 1st period - Puck is out of play.
14:13 of 1st period - Josh Leivo wins face-off versus Colin Smith in Senators zone.
14:24 of 1st period - Penalty to Mike Brown is over, Colton Orr is send on ice.
14:38 of 1st period - Jesse Blacker is hit by Rylan Schwartz and loses puck.
15:05 of 1st period - Wrist shot by Kory Nagy.
15:05 of 1st period - Shot Blocked by Colton Orr.
15:07 of 1st period - Slapshot by Michael Schumacher.
15:07 of 1st period - Shot Blocked by Jesse Blacker.
15:09 of 1st period - Wrist shot by Seth Helgeson.
15:09 of 1st period - Shot Blocked by David Broll.
15:11 of 1st period - Snap shot by Rylan Schwartz.
15:11 of 1st period - Shot Misses the Net.
15:13 of 1st period - Wrist shot by Rylan Schwartz.
15:13 of 1st period - Stopped by Jean-Francois Berube with a rebound.
15:31 of 1st period - Slapshot by Evan Trupp.
15:31 of 1st period - Stopped by Nathan Lieuwen with a rebound.
15:33 of 1st period - Slapshot by Greg Pateryn.
15:33 of 1st period - Shot Blocked by Michael Schumacher.
15:35 of 1st period - Slapshot by Korbinian Holzer.
15:35 of 1st period - Shot Misses the Net.
15:37 of 1st period - Slapshot by Greg Pateryn.
15:37 of 1st period - Shot Misses the Net.
15:43 of 1st period - Wrist shot by Evan Trupp.
15:43 of 1st period - Stopped by Nathan Lieuwen without a rebound.
15:44 of 1st period - Colin Smith wins face-off versus Tyler Biggs in Ice Caps zone.
16:16 of 1st period - Off-side.
16:17 of 1st period - Martin St. Pierre wins face-off versus Greg McKegg in neutral zone.
16:25 of 1st period - Icing by Rylan Schwartz.
16:26 of 1st period - Martin St. Pierre wins face-off versus Riley Wetmore in Ice Caps zone.
17:43 of 1st period - Snap shot by Greg Pateryn.
17:43 of 1st period - Shot Misses the Net.
17:45 of 1st period - Slapshot by Greg Pateryn.
17:45 of 1st period - Stopped by Nathan Lieuwen with a rebound.
17:47 of 1st period - Wrist shot by Greg Pateryn.
17:47 of 1st period - Shot Blocked by Rylan Schwartz.
18:09 of 1st period - Martin Marincin is hit by Colton Orr and loses puck.
18:34 of 1st period - Slapshot by Martin Marincin.
18:34 of 1st period - Shot Misses the Net.
18:38 of 1st period - Backhand shot by Colin Smith.
18:38 of 1st period - Shot Misses the Net.
18:40 of 1st period - Wrist shot by Colin Smith.
18:40 of 1st period - Shot Misses the Net.
18:42 of 1st period - Snap shot by Daniil Tarasov.
18:42 of 1st period - Stopped by Jean-Francois Berube with a rebound.
18:44 of 1st period - Slapshot by Corey Cowick.
18:44 of 1st period - Stopped by Jean-Francois Berube with a rebound.
18:46 of 1st period - Slapshot by Oscar Klefbom.
18:46 of 1st period - Stopped by Jean-Francois Berube without a rebound.
18:47 of 1st period - Martin St. Pierre wins face-off versus Greg McKegg in Senators zone.
18:56 of 1st period - Snap shot by Steve Eminger.
18:56 of 1st period - Shot Blocked by Greg McKegg.
19:36 of 1st period - Snap shot by Tyler Biggs.
19:36 of 1st period - Shot Blocked by Klas Dahlbeck.
19:54 of 1st period - Slapshot by John Scott.
19:54 of 1st period - Stopped by Nathan Lieuwen with a rebound.
Goals for this period are 0 for Senators vs 0 for Ice Caps.
Shots for this period are 8 for Senators vs 8 for Ice Caps.

2nd period


0:01 of 2nd period - Greg Nemisz wins face-off versus Greg McKegg in neutral zone.
0:12 of 2nd period - Slapshot by Martin Marincin.
0:12 of 2nd period - Deflect By Freddie Hamilton.
0:12 of 2nd period - Shot Blocked by Jesse Blacker.
0:12 of 2nd period - Puck is out of play.
0:13 of 2nd period - Greg McKegg wins face-off versus Greg Nemisz in Senators zone.
0:22 of 2nd period - Slapshot by Oscar Klefbom.
0:22 of 2nd period - Goal by Oscar Klefbom - Senators : 0 - Ice Caps : 1.
0:23 of 2nd period - Greg Nemisz wins face-off versus Greg McKegg in neutral zone.
0:30 of 2nd period - Snap shot by Josh Leivo.
0:30 of 2nd period - Stopped by Nathan Lieuwen with a rebound.
1:26 of 2nd period - Colin Smith is hit by Martin St. Pierre and loses puck.
1:35 of 2nd period - Slapshot by Brandon Davidson.
1:35 of 2nd period - Shot Blocked by Martin St. Pierre.
1:37 of 2nd period - Slapshot by Scott Mayfield.
1:37 of 2nd period - Deflect By Daniil Tarasov.
1:37 of 2nd period - Stopped by Jean-Francois Berube with a rebound.
1:39 of 2nd period - Wrist shot by Colin Smith.
1:39 of 2nd period - Deflect By Steve Eminger.
1:39 of 2nd period - Stopped by Jean-Francois Berube without a rebound.
1:40 of 2nd period - Evan Trupp wins face-off versus Rylan Schwartz in Senators zone.
1:51 of 2nd period - Michael Schumacher is hit by Kenny Ryan and loses puck.
1:56 of 2nd period - Wrist shot by Evan Trupp.
1:56 of 2nd period - Stopped by Nathan Lieuwen without a rebound.
1:57 of 2nd period - Kory Nagy wins face-off versus Evan Trupp in Ice Caps zone.
2:09 of 2nd period - Slapshot by Greg Pateryn.
2:09 of 2nd period - Stopped by Nathan Lieuwen with a rebound.
2:15 of 2nd period - Snap shot by Klas Dahlbeck.
2:15 of 2nd period - Shot Blocked by Evan Trupp.
2:45 of 2nd period - Minor Penalty to Garret Ross for Hooking.
2:46 of 2nd period - Martin St. Pierre wins face-off versus Greg McKegg in Ice Caps zone.
2:52 of 2nd period - Wrist shot by John Scott.
2:52 of 2nd period - Stopped by Nathan Lieuwen without a rebound.
2:53 of 2nd period - Martin St. Pierre wins face-off versus Greg McKegg in Ice Caps zone.
3:26 of 2nd period - Slapshot by Oscar Klefbom.
3:26 of 2nd period - Shot Blocked by Steve Eminger.
3:57 of 2nd period - Brandon Davidson is hit by Colton Orr and loses puck.
4:36 of 2nd period - Martin St. Pierre is hit by Rylan Schwartz and loses puck.
4:45 of 2nd period - Penalty to Garret Ross is over, Garret Ross is back on ice.
4:55 of 2nd period - Martin Marincin is hit by Tyler Biggs and loses puck.
5:35 of 2nd period - Wrist shot by Michael Schumacher.
5:35 of 2nd period - Stopped by Jean-Francois Berube without a rebound.
5:36 of 2nd period - Martin St. Pierre wins face-off versus Rylan Schwartz in Senators zone.
5:38 of 2nd period - Minor Penalty to John Scott for Interference.
5:39 of 2nd period - Josh Leivo wins face-off versus Greg McKegg in Senators zone.
6:34 of 2nd period - Snap shot by Oscar Klefbom.
6:34 of 2nd period - Shot Misses the Net.
6:40 of 2nd period - Snap shot by Martin Marincin.
6:40 of 2nd period - Shot Blocked by Steve Eminger.
6:50 of 2nd period - Snap shot by Freddie Hamilton.
6:50 of 2nd period - Shot Blocked by Alex Petrovic.
6:52 of 2nd period - Wrist shot by Garret Ross.
6:52 of 2nd period - Shot Misses the Net.
6:58 of 2nd period - Wrist shot by Freddie Hamilton.
6:58 of 2nd period - Shot Blocked by Steve Eminger.
7:00 of 2nd period - Slapshot by Martin Marincin.
7:00 of 2nd period - Shot Misses the Net.
7:02 of 2nd period - Slapshot by Oscar Klefbom.
7:02 of 2nd period - Shot Misses the Net.
7:14 of 2nd period - Slapshot by Oscar Klefbom.
7:14 of 2nd period - Shot Blocked by Steve Eminger.
7:16 of 2nd period - Slapshot by Klas Dahlbeck.
7:16 of 2nd period - Shot Blocked by David Broll.
7:18 of 2nd period - Slapshot by Klas Dahlbeck.
7:18 of 2nd period - Shot Blocked by Steve Eminger.
7:24 of 2nd period - 10 Minutes Misconduct Penalty to Mike Brown is over.
7:24 of 2nd period - Slapshot by Daniil Tarasov.
7:24 of 2nd period - Deflect By Josh Leivo.
7:24 of 2nd period - Shot Misses the Net.
7:24 of 2nd period - Puck is out of play.
7:25 of 2nd period - Colin Smith wins face-off versus Colton Orr in Senators zone.
7:38 of 2nd period - Penalty to John Scott is over, John Scott is back on ice.
8:03 of 2nd period - Snap shot by Rylan Schwartz.
8:03 of 2nd period - Stopped by Jean-Francois Berube with a rebound.
8:05 of 2nd period - Slapshot by Rylan Schwartz.
8:05 of 2nd period - Shot Misses the Net.
8:07 of 2nd period - Snap shot by Kory Nagy.
8:07 of 2nd period - Shot Blocked by John Scott.
8:09 of 2nd period - Slapshot by Kory Nagy.
8:09 of 2nd period - Shot Misses the Net.
8:11 of 2nd period - Snap shot by Michael Schumacher.
8:11 of 2nd period - Stopped by Jean-Francois Berube without a rebound.
8:12 of 2nd period - Evan Trupp wins face-off versus Rylan Schwartz in Senators zone.
8:21 of 2nd period - Snap shot by Mike Brown.
8:21 of 2nd period - Goal by Mike Brown - Senators : 1 - Ice Caps : 1.
8:22 of 2nd period - Rylan Schwartz wins face-off versus Evan Trupp in neutral zone.
8:27 of 2nd period - Snap shot by Martin Marincin.
8:27 of 2nd period - Goal by Martin Marincin - Senators : 1 - Ice Caps : 2.
8:28 of 2nd period - Rylan Schwartz wins face-off versus Martin St. Pierre in neutral zone.
8:31 of 2nd period - Backhand shot by Martin Marincin.
8:31 of 2nd period - Shot Blocked by Mike Brown.
9:42 of 2nd period - Wrist shot by Daniil Tarasov.
9:42 of 2nd period - Stopped by Jean-Francois Berube with a rebound.
9:50 of 2nd period - Colton Orr beats up Corey Cowick.
9:50 of 2nd period - Penalty to Corey Cowick for Fighting.
9:50 of 2nd period - Penalty to Colton Orr for Fighting.
9:51 of 2nd period - Greg McKegg wins face-off versus Martin St. Pierre in Senators zone.
10:41 of 2nd period - Snap shot by Daniil Tarasov.
10:41 of 2nd period - Shot Misses the Net.
10:52 of 2nd period - Daniil Tarasov is hit by Josh Leivo and loses puck.
11:32 of 2nd period - Slapshot by Martin Marincin.
11:32 of 2nd period - Shot Misses the Net.
11:34 of 2nd period - Slapshot by Oscar Klefbom.
11:34 of 2nd period - Shot Blocked by David Broll.
11:36 of 2nd period - Slapshot by Oscar Klefbom.
11:36 of 2nd period - Deflect By Jamie Devane.
11:36 of 2nd period - Stopped by Jean-Francois Berube without a rebound.
11:37 of 2nd period - Martin St. Pierre wins face-off versus Rylan Schwartz in Senators zone.
12:18 of 2nd period - Daniil Tarasov is hit by John Scott and loses puck.
12:49 of 2nd period - Freddie Hamilton is hit by Greg Nemisz and loses puck.
14:13 of 2nd period - Evan Trupp is hit by Martin Marincin and loses puck.
14:26 of 2nd period - Wrist shot by Daniil Tarasov.
14:26 of 2nd period - Stopped by Jean-Francois Berube with a rebound.
14:40 of 2nd period - Slapshot by Steve Eminger.
14:40 of 2nd period - Shot Blocked by Daniil Tarasov.
14:42 of 2nd period - Wrist shot by Greg Nemisz.
14:42 of 2nd period - Stopped by Nathan Lieuwen with a rebound.
14:44 of 2nd period - Wrist shot by Greg Nemisz.
14:44 of 2nd period - Stopped by Nathan Lieuwen without a rebound.
14:45 of 2nd period - Greg Nemisz wins face-off versus Greg McKegg in Ice Caps zone.
14:48 of 2nd period - Slapshot by Steve Eminger.
14:48 of 2nd period - Shot Blocked by Scott Mayfield.
15:19 of 2nd period - Minor Penalty to Andrew MacWilliam for Hooking.
15:20 of 2nd period - Josh Leivo wins face-off versus Greg McKegg in Senators zone.
16:47 of 2nd period - Slapshot by Colin Smith.
16:47 of 2nd period - Shot Blocked by Steve Eminger.
16:49 of 2nd period - Wrist shot by Colin Smith.
16:49 of 2nd period - Shot Misses the Net.
17:17 of 2nd period - Slapshot by Greg Pateryn.
17:17 of 2nd period - Shot Misses the Net.
17:19 of 2nd period - Penalty to Andrew MacWilliam is over, Andrew MacWilliam is back on ice.
18:13 of 2nd period - Slapshot by Martin Marincin.
18:13 of 2nd period - Stopped by Jean-Francois Berube with a rebound.
18:26 of 2nd period - Seth Helgeson and Colton Orr fight to a draw.
18:26 of 2nd period - Penalty to Seth Helgeson for Fighting.
18:26 of 2nd period - Penalty to Colton Orr for Fighting.
18:27 of 2nd period - Evan Trupp wins face-off versus Colin Smith in neutral zone.
19:26 of 2nd period - Andrew MacWilliam is hit by Kory Nagy.
19:48 of 2nd period - David Broll is hit by Oscar Klefbom and loses puck.
Goals for this period are 1 for Senators vs 2 for Ice Caps.
Shots for this period are 7 for Senators vs 11 for Ice Caps.

3rd period


0:01 of 3rd period - Martin St. Pierre wins face-off versus Greg McKegg in neutral zone.
0:06 of 3rd period - Wrist shot by Mike Brown.
0:06 of 3rd period - Shot Misses the Net.
1:07 of 3rd period - Corey Cowick is hit by Greg Nemisz.
1:48 of 3rd period - Rylan Schwartz is hit by Evan Trupp.
2:00 of 3rd period - Korbinian Holzer is hit by Rasmus Rissanen and loses puck.
2:32 of 3rd period - John Scott is hit by Greg McKegg and loses puck.
2:51 of 3rd period - Minor Penalty to Korbinian Holzer for Hooking.
2:52 of 3rd period - Colin Smith wins face-off versus Josh Leivo in Senators zone.
3:03 of 3rd period - Snap shot by Corey Cowick.
3:03 of 3rd period - Shot Blocked by John Scott.
3:21 of 3rd period - Snap shot by Colin Smith.
3:21 of 3rd period - Shot Blocked by John Scott.
3:26 of 3rd period - Penalty to Colton Orr is over, Colton Orr is back on ice.
3:54 of 3rd period - Alex Petrovic is hit by Brandon Davidson and loses puck.
4:37 of 3rd period - Martin Marincin is hit by Greg Pateryn and loses puck.
4:44 of 3rd period - Snap shot by Freddie Hamilton.
4:44 of 3rd period - Stopped by Jean-Francois Berube with a rebound.
4:46 of 3rd period - Snap shot by Greg McKegg.
4:46 of 3rd period - Stopped by Jean-Francois Berube without a rebound.
4:47 of 3rd period - Greg McKegg wins face-off versus Colton Orr in Senators zone.
4:51 of 3rd period - Penalty to Korbinian Holzer is over, Korbinian Holzer is back on ice.
5:10 of 3rd period - Rylan Schwartz is hit by John Scott and loses puck.
5:17 of 3rd period - Michael Schumacher is hit by Martin St. Pierre and loses puck.
6:42 of 3rd period - Wrist shot by Colton Orr.
6:42 of 3rd period - Deflect By Josh Leivo.
6:42 of 3rd period - Stopped by Nathan Lieuwen with a rebound.
6:44 of 3rd period - Slapshot by Josh Leivo.
6:44 of 3rd period - Shot Misses the Net.
7:04 of 3rd period - John Scott is hit by Daniil Tarasov and loses puck.
7:16 of 3rd period - Tyler Biggs is hit by Colin Smith and loses puck.
8:09 of 3rd period - Freddie Hamilton is hit by Tyler Biggs and loses puck.
8:45 of 3rd period - Wrist shot by Rylan Schwartz.
8:45 of 3rd period - Deflect By Michael Schumacher.
8:45 of 3rd period - Shot Blocked by Greg Pateryn.
8:45 of 3rd period - Puck is out of play.
8:46 of 3rd period - Evan Trupp wins face-off versus Rylan Schwartz in Senators zone.
8:46 of 3rd period - Evan Trupp is hit by Rylan Schwartz.
9:15 of 3rd period - David Broll is hit by Garret Ross and loses puck.
10:12 of 3rd period - Wrist shot by Colton Orr.
10:12 of 3rd period - Shot Blocked by Rylan Schwartz.
11:14 of 3rd period - Snap shot by John Scott.
11:14 of 3rd period - Shot Misses the Net.
12:33 of 3rd period - Michael Schumacher is hit by Martin St. Pierre and loses puck.
13:00 of 3rd period - Wrist shot by Steve Eminger.
13:00 of 3rd period - Shot Blocked by Martin Marincin.
13:34 of 3rd period - Seth Helgeson is hit by Greg Pateryn and loses puck.
13:39 of 3rd period - Snap shot by John Scott.
13:39 of 3rd period - Shot Blocked by Daniil Tarasov.
13:41 of 3rd period - Slapshot by Jesse Blacker.
13:41 of 3rd period - Stopped by Nathan Lieuwen with a rebound.
14:15 of 3rd period - Colton Orr beats up Seth Helgeson.
14:15 of 3rd period - Penalty to Seth Helgeson for Fighting.
14:15 of 3rd period - Penalty to Colton Orr for Fighting.
14:15 of 3rd period - Colton Orr is ejected from game.
14:15 of 3rd period - Penalty to Colton Orr for instigated a fight.
14:15 of 3rd period - Penalty to Colton Orr for instigated and being the aggresor in a fight.
14:15 of 3rd period - Colton Orr is ejected from game.
14:16 of 3rd period - Greg McKegg wins face-off versus Josh Leivo in Ice Caps zone.
14:27 of 3rd period - Wrist shot by Greg McKegg.
14:27 of 3rd period - Stopped by Jean-Francois Berube without a rebound.
14:28 of 3rd period - Josh Leivo wins face-off versus Greg McKegg in Senators zone.
16:15 of 3rd period - Penalty to Colton Orr is over, Kenny Ryan is send on ice.
16:22 of 3rd period - Tyler Biggs is hit by Oscar Klefbom and loses puck.
16:42 of 3rd period - Korbinian Holzer is hit by Jamie Devane and loses puck.
16:57 of 3rd period - Backhand shot by Martin St. Pierre.
16:57 of 3rd period - Stopped by Nathan Lieuwen with a rebound.
17:17 of 3rd period - Jesse Blacker is hit by Rasmus Rissanen and loses puck.
17:46 of 3rd period - Snap shot by Josh Leivo.
17:46 of 3rd period - Stopped by Nathan Lieuwen without a rebound.
17:47 of 3rd period - Greg Nemisz wins face-off versus Greg McKegg in Ice Caps zone.
18:02 of 3rd period - Slapshot by Freddie Hamilton.
18:02 of 3rd period - Shot Blocked by Jesse Blacker.
18:23 of 3rd period - Evan Trupp is hit by Daniil Tarasov and loses puck.
18:42 of 3rd period - Minor Penalty to Scott Mayfield for Hooking.
18:43 of 3rd period - Greg McKegg wins face-off versus Greg Nemisz in Ice Caps zone.
18:54 of 3rd period - Snap shot by Josh Leivo.
18:54 of 3rd period - Shot Misses the Net.
19:15 of 3rd period - Penalty to Seth Helgeson is over, Seth Helgeson is back on ice.
19:18 of 3rd period - Senators, Jean-Francois Berube is pulled from the net.
19:27 of 3rd period - Snap shot by Mike Brown.
19:27 of 3rd period - Stopped by Nathan Lieuwen with a rebound.
Goals for this period are 0 for Senators vs 0 for Ice Caps.
Shots for this period are 5 for Senators vs 3 for Ice Caps.


Output by the SimonT Hockey Simulator (STHS) for Eric Dolegowski -- Original Page W3C XHTML 1.0 Valid
Hockey Simulator - Hockey Simulation - Hockey Manager